 Dungeon Crawl Stone Soup version 0.27-a0-423-gf312af23e9 (webtiles) character file.

Game seed: 8415210608953531985

6848 porpoise the Carver (level 11, -3/85 HPs)
             Began as a Formicid Fighter on Feb 26, 2021.
             Was a Follower of Qazlal.
             Slain by a wyvern (13 damage)
             ... on level 12 of the Dungeon.
             The game lasted 00:34:48 (12103 turns).

porpoise the Carver (Formicid Fighter)             Turns: 12103, Time: 00:34:48

Health: -3/85      AC: 13    Str: 22    XL:     11   Next: 26%
Magic:  15/15      EV:  6    Int: 10    God:    Qazlal [*.....]
Gold:   352        SH: 13    Dex: 13    Spells: 13/16 levels left

rFire    . . .     SeeInvis +   a - +5 war axe "Transmigrator" {freeze, Fragile rPois rC+ Dex+3}
rCold    + . .     Faith    .   b - +1 kite shield
rNeg     . . .     Spirit   .   G - +0 plate armour
rPois    +         Reflect  .   (helmet unavailable)
rElec    .         Harm     .   t - +0 cloak
rCorr    .         Rampage  .   (no gloves)
Will     +....                  (no boots)
Stlth    ..........             (no amulet)
HPRegen  0.24/turn              (no ring)
MPRegen  0.14/turn              (no ring)

@: no status effects
A: permanent stasis, dig shafts and tunnels, four strong arms, antennae 3
a: Dig, Shaft Self, Renounce Religion


You were on level 12 of the Dungeon.
You worshipped Qazlal.
Qazlal was aware of your devotion.
You visited 2 branches of the dungeon, and saw 11 of its levels.
You also visited: Ossuary.

You collected 442 gold pieces.
You spent 90 gold pieces at shops.

Inventory:

Hand Weapons
 a - the +5 war axe "Transmigrator" (weapon) {freeze, Fragile rPois rC+ Dex+3}
   (You found it on level 5 of the Dungeon)

   It has been specially enchanted to freeze those struck by it, causing extra
   injury to most foes and up to half again as much damage against particularly
   susceptible opponents.
   It can also slow down cold-blooded creatures.
   It affects your dexterity (+3).
   It protects you from cold.
   It protects you from poison.
   It will be destroyed if unequipped.
 c - a +0 hunting sling
 g - a +0 war axe
 C - the +7 Singing Sword {vorpal, sonic wave}
   (You found it on level 5 of the Dungeon)

   It inflicts extra damage upon your enemies.
Missiles
 e - 269 stones
 f - 98 bolts
 p - 35 sling bullets
 q - 79 arrows
 s - 4 boomerangs (quivered)
 B - 4 throwing nets
Armour
 b - a +1 kite shield (worn)
 t - a +0 cloak (worn)
 x - a +1 robe of the Archmagi
 G - a +0 plate armour (worn)
Jewellery
 E - an amulet of faith
Wands
 D - a wand of charming (14)
Scrolls
 m - 2 scrolls of immolation
 o - 2 scrolls of enchant armour
 u - a scroll of amnesia
 w - a scroll of fear {unknown}
 y - a scroll of magic mapping
Potions
 d - 2 potions of ambrosia
 h - 3 potions of mutation
 i - 2 potions of magic
 j - 2 potions of flight
 k - a potion of resistance
 l - 3 potions of curing
 n - a potion of heal wounds
 r - 2 potions of brilliance
 v - 4 potions of attraction
 z - a potion of curing
 A - a potion of cancellation
 F - a potion of invisibility


   Skills:
 + Level 7.7 Fighting
 - Level 9.0 Long Blades
 - Level 7.7 Axes
 - Level 5.0 Armour
 - Level 3.0 Dodging
 - Level 5.0 Shields
 - Level 3.0 Spellcasting
 - Level 5.0 Hexes
 + Level 4.2 Invocations
 - Level 5.0 Evocations


You had 13 spell levels left.
You knew the following spells:

 Your Spells              Type           Power        Failure   Level
a - Confusing Touch       Hex            11%          99%         3

Your spell library contained the following spells:

 Spells                   Type           Power        Failure   Level
 Gell's Gravitas          Tloc           0%           100%        3
 Petrify                  Tmut/Erth      1%           100%        4
 Metabolic Englaciation   Hex/Ice        3%           100%        5
 Yara's Violent Unravell  Hex/Tmut       3%           100%        5


Dungeon Overview and Level Annotations

Branches:
Dungeon (8/15)             Temple (1/1) D:7         Ossuary (visited)
   Lair: D:8-11

Altars:
Ashenzari
Cheibriados
Dithmenos
Elyvilon
Fedhas
Gozag
Hepliaklqana
Kikubaaqudgha
Makhleb
Nemelex Xobeh
Okawaru
Qazlal
Ru
Sif Muna
Trog
Uskayaw
Vehumet
Wu Jian
Xom
Yredelemnul
Zin
The Shining One
Beogh

Shops:
D:4 !   D:5 *


Innate Abilities, Weirdness & Mutations

You cannot be hasted, slowed, berserked, paralysed or teleported.
You can dig through walls and to a lower floor.
Your four strong arms can wield two-handed weapons with a shield.
You have a pair of large antennae on your head. (SInv)


Message History

The green ugly thing closely misses you.
The green ugly thing bites you.
* * * LOW HITPOINT WARNING * * *
You hit the green ugly thing. You freeze the green ugly thing.
The green ugly thing is heavily wounded.
You block the green ugly thing's attack.
You closely miss the green ugly thing.
The green ugly thing is heavily wounded.
The green ugly thing barely misses you.
You slash the green ugly thing! You freeze the green ugly thing.
The green ugly thing is severely wounded.
The green ugly thing bites you but does no damage.
You hit the green ugly thing. You freeze the green ugly thing.
The green ugly thing is severely wounded.
The green ugly thing bites you but does no damage. x2
You slash the green ugly thing! You freeze the green ugly thing.
The green ugly thing is almost dead.
The green ugly thing bites you!
* * * LOW HITPOINT WARNING * * *
You hit the green ugly thing but do no damage.
The green ugly thing is almost dead.
You block the green ugly thing's attack.
You closely miss the green ugly thing.
The green ugly thing is almost dead.
The green ugly thing bites you.
* * * LOW HITPOINT WARNING * * *
You slash the green ugly thing! You freeze the green ugly thing.
You kill the green ugly thing!
Qazlal accepts your kill.
The wyvern hisses menacingly.
The wyvern bites you but does no damage.
Your Invocations skill increases to level 4!
You slice the wyvern!! You freeze the wyvern!
The wyvern is almost dead.
You block the wyvern's attack. The wyvern bites you.
* * * LOW HITPOINT WARNING * * *
You barely miss the wyvern.
The wyvern is almost dead.
The wyvern bites you!
You die...

.# #. .. .#
.# ##.# #..#
#@#
####l#######
#(..Z......#
#.}........#
#..........#
#..........#
#..........#
#..........#
#..........#


You could see a wyvern and a centaur zombie.

Vanquished Creatures
  Harold (D:7)
  An unseen horror (D:8)
  An ugly thing (D:12)
  7 wargs (D:8)
  An ice beast (D:7)
  A sky beast (D:7)
  3 orc warriors
  A black bear (D:6)
  A necrophage (D:8)
  4 ogres
  A centaur (D:8)
  2 phantoms
  3 bullfrogs
  An elf zombie (Ossuary)
  7 scorpions
  9 killer bees
  12 wights
  2 howler monkeys
  3 electric eels (D:6)
  A bullfrog zombie (D:6)
  A quasit (D:8)
  A jelly (D:5)
  3 hounds (D:4)
  5 iguanas
  10 orc priests
  Ijyb (D:5)
  Natasha (thrice) (D:2)
  9 orc wizards
  4 worker ants
  2 hound zombies
  2 hound skeletons
  3 mummies (Ossuary)
  Robin (D:2)
  4 gnolls (D:4)
  15 adders
  3 shadow imps
  A white imp (D:6)
  2 ufetubi
  2 adder zombies
  2 adder skeletons
  3 worms
  3 dart slugs
  5 leopard geckos
  24 orcs
  11 bats
  11 giant cockroaches
  15 goblins
  5 hobgoblins
  8 jackals
  6 quokkas
  5 frilled lizards
  A gnoll zombie (Ossuary)
  4 goblin zombies (Ossuary)
  3 hobgoblin zombies (Ossuary)
  7 kobolds
  3 kobold zombies (Ossuary)
  5 quokka zombies
  4 rats
  A rat zombie (Ossuary)
260 creatures vanquished.

Vanquished Creatures (others)
  An orc wizard (D:7)
  7 fungi (D:5)
  6 plants
14 creatures vanquished.

Grand Total: 274 creatures vanquished

Notes
Turn   | Place    | Note
-------+----------+-------------------------------------------
     0 | D:1      | porpoise the Formicid Fighter began the quest for the Orb.
     0 | D:1      | Reached XP level 1. HP: 18/18 MP: 1/1
   178 | D:1      | Reached XP level 2. HP: 20/24 MP: 2/2
   529 | D:1      | Found a shimmering altar of Xom.
   544 | D:1      | Reached XP level 3. HP: 30/30 MP: 3/3
  1014 | D:2      | Noticed Robin
  1043 | D:2      | Reached XP level 4. HP: 25/37 MP: 4/4
  1205 | D:2      | Killed Robin
  1413 | D:2      | Learned a level 3 spell: Confusing Touch
  1744 | D:2      | Noticed Natasha
  1748 | D:2      | Killed Natasha
  1749 | D:2      | Reached XP level 5. HP: 33/43 MP: 5/5
  1856 | D:2      | Noticed Natasha
  1870 | D:2      | Killed Natasha
  1970 | D:2      | Reached skill level 5 in Fighting
  2202 | D:2      | Noticed Natasha
  2207 | D:2      | Killed Natasha
  2208 | D:2      | Reached skill level 1 in Spellcasting
  2458 | D:3      | Reached XP level 6. HP: 51/51 MP: 7/7
  3378 | D:4      | Reached skill level 5 in Axes
  3646 | D:4      | Noticed an ogre
  3655 | D:4      | Killed an ogre
  3656 | D:4      | Reached XP level 7. HP: 44/56 MP: 9/11
  3738 | D:4      | Found an opulent altar of Gozag.
  3779 | D:4      | Reached skill level 1 in Hexes
  4262 | D:4      | Reached XP level 8. HP: 39/62 MP: 12/12
  4531 | D:4      | Found Doimolek's Distillery.
  4535 | D:4      | Bought a potion of heal wounds for 50 gold pieces
  4535 | D:4      | Bought a potion of degeneration for 10 gold pieces
  4535 | D:4      | Bought a potion of curing for 30 gold pieces
  4986 | D:5      | Entered Level 5 of the Dungeon
  5013 | D:5      | Found Seysur's Assorted Antiques.
  5094 | D:5      | Found a sand-covered staircase.
  5100 | Ossuary  | Entered an ossuary
  5107 | Ossuary  | HP: 3/62 [mummy (8)]
  5882 | D:5      | Identified the +5 war axe "Transmigrator" {freeze, Fragile
                  | rPois rC+ Dex+3}
  5918 | D:5      | Reached skill level 5 in Hexes
  6283 | D:5      | Noticed Ijyb
  6300 | D:5      | Killed Ijyb
  6814 | D:5      | Found the +7 Singing Sword {vorpal, sonic wave}
  6832 | D:5      | Reached XP level 9. HP: 69/69 MP: 13/13
  6869 | D:5      | Reached skill level 5 in Armour
  6967 | D:6      | Reached skill level 1 in Dodging
  7629 | D:6      | Reached skill level 5 in Shields
  8236 | D:7      | Reached skill level 1 in Long Blades
  8258 | D:6      | Reached skill level 1 in Evocations
  8562 | D:6      | Reached skill level 2 in Long Blades
  9017 | D:7      | Reached skill level 3 in Long Blades
  9017 | D:7      | Reached XP level 10. HP: 79/79 MP: 14/14
  9090 | D:7      | Noticed Harold
  9104 | D:7      | Killed Harold
  9105 | D:7      | Reached skill level 5 in Long Blades
  9615 | D:7      | Reached skill level 6 in Long Blades
  9816 | D:7      | Found a staircase to the Ecumenical Temple.
  9961 | Temple   | Entered the Ecumenical Temple
 10207 | Temple   | Became a worshipper of Qazlal Stormbringer
 10658 | D:8      | Reached skill level 5 in Evocations
 10709 | D:8      | Reached skill level 7 in Long Blades
 10716 | D:8      | Found a roughly hewn altar of Beogh.
 10722 | D:8      | Noticed an unseen horror
 10736 | D:8      | Killed an unseen horror
 10737 | D:8      | Reached skill level 8 in Long Blades
 10776 | D:8      | Reached * piety under Qazlal
 11020 | D:8      | Reached XP level 11. HP: 61/84 MP: 15/15
 11021 | D:8      | Reached skill level 1 in Invocations
 11640 | D:8      | Reached skill level 9 in Long Blades
 12000 | D:8      | HP: 1/84 [warg (6)]
 12001 | D:8      | You fall into a shaft and drop 1 floor!
 12088 | D:9      | You fall into a shaft and drop 3 floors!
 12088 | D:12     | Noticed a green ugly thing
 12101 | D:12     | Killed a green ugly thing
 12103 | D:12     | Slain by a wyvern

Illustrated notes

Levels and vault maps discovered:
D:1:      lightli_arrival_chessboard, layout_loops_cross, minivault_14,
          xom_teletrap_fun
D:2:      layout_loops_ring, uniq_robin, uniq_natasha
D:3:      layout_loops_ring
D:4:      layout_gridville, serial_shops, nicolae_shop_behind_doors,
          st_stairs_6, grunt_decor_junction, grunt_gozag_breadcrumbs
D:5:      old_forge, layout_basic, enter_ossuary_5, serial_shops,
          kennysheep_little_box, uniq_ijyb
D:6:      layout_loops_ring, kennysheep_boxes
D:7:      layout_loops_ring, minmay_temple_entry_antechambers, uniq_harold
D:8:      lemuel_castle_with_subvaults [lemuel_castle_interior_carwin_1],
          layout_loops_corners, roderic_serpentine_path,
          david_defended_altar_orc
D:9:      layout_long_grid
D:12:     layout_roguey, uniq_azrael
Temple:   nicolae_temple_the_god_donut

Skill      XL: |  1  2  3  4  5  6  7  8  9 10 11 |
---------------+----------------------------------+-----
Fighting       | 4 5 6 7 |  7.7
Axes           | 3 4 5 6 7 |  7.7
Spellcasting   | 1 3 |  3.0
Hexes          | 3 5 |  5.0
Armour         | 4 5 |  5.0
Dodging        | 3 |  3.0
Shields        | 5 |  5.0
Long Blades    | 3 8 9 |  9.0
Evocations     | 2 5 |  5.0
Invocations    | 4 |  4.2

Action                   |  1- 3 |  4- 6 |  7- 9 | 10-12 || total
-------------------------+-------+-------+-------+-------++-------
Melee: War axe           |    93 |   156 |   322 |   202 ||   773
 Fire: Hunting sling     |       |    39 |    49 |       ||    88
Throw: Boomerang         |       |       |     8 |     6 ||    14
 Abil: Shaft Self        |       |       |       |     2 ||     2
  Use: Scroll            |       |     4 |     9 |       ||    13
       Potion            |       |       |     3 |     2 ||     5
 Stab: Invisible         |       |       |       |     1 ||     1
Armor: Scale mail        |    36 |    66 |   110 |     1 ||   213
       Skin              |       |       |     1 |       ||     1
       Plate armour      |       |       |       |    73 ||    73
       Chain mail        |       |       |       |    31 ||    31
Dodge: Dodged            |    23 |    60 |   131 |    59 ||   273
Block: Kite shield       |    53 |    89 |   172 |   130 ||   444

Table legend: (Time is in decaauts)
 A = Elapsed time spent in this place.
 B = Non-inter-level travel time spent in this place.
 C = Inter-level travel time spent in this place.
 D = Time resting spent in this place.
 E = Time spent auto-exploring this place.
 F = Levels seen in this place.
 G = Mean time per level.
                   A        B        C        D        E       F      G
               +--------+--------+--------+--------+--------+-----+--------+
         Total |  12409 |  12158 |    251 |   4650 |   5161 |  12 | 1034.1 |
       Dungeon |  11375 |  11128 |    247 |   4132 |   4927 |  10 | 1137.5 |
        Temple |    250 |    246 |      4 |      0 |    234 |   1 |  250.0 |
       Ossuary |    783 |    783 |      0 |    518 |      0 |   1 |  783.0 |
               +--------+--------+--------+--------+--------+-----+--------+

Top non-repeatable levels by time:
     D:6: 2191 daAuts
     D:4: 1737 daAuts
     D:2: 1446 daAuts
     D:8: 1396 daAuts
     D:7: 1317 daAuts
     D:5: 1223 daAuts
     D:1: 1038 daAuts
     D:3: 919 daAuts
 Ossuary: 783 daAuts
  Temple: 250 daAuts
     D:9: 87 daAuts
    D:12: 17 daAuts
